 Dungeon Crawl Stone Soup version 0.24-b1 (webtiles) character file.

Game seed: 10860608665896734559, levelgen mode: deterministic

3346 Arixos the Charmwright (level 10, 0/51 HPs)
             Began as a Vine Stalker Skald on Oct 12, 2019.
             Was a Believer of Makhleb.
             Killed from afar by a steam dragon (13 damage)
             ... with a ball of steam
             ... on level 9 of the Dungeon.
             The game lasted 00:38:45 (6472 turns).

Arixos the Charmwright (Vine Stalker Skald)         Turns: 6472, Time: 00:38:46

Health: 0/51       AC: 10    Str: 14    XL:     10   Next: 2%
Magic:  0/19       EV: 14    Int: 13    God:    Makhleb [**....]
Gold:   454        SH:  0    Dex: 17    Spells: 13/20 levels left

rFire    . . .     SeeInvis .   l - +2 long sword (holy)
rCold    . . .     Gourm    .   (no shield)
rNeg     . . .     Faith    .   y - +3 leather armour {MR+}
rPois    +         Spirit   +   e - +0 helmet
rElec    .         Reflect  .   k - +1 cloak
rCorr    .         Harm     .   (no gloves)
MR       ++...                  w - +0 pair of boots
Stlth    +.........             (no amulet)
HPRegen  0.57/turn              m - ring of poison resistance
MPRegen  0.16/turn              (no ring)

@: about to teleport, shrouded
A: fangs 3, regeneration 1, magic shield, antimagic bite, no potion heal 3, rot
immunity
a: Minor Destruction, Renounce Religion


You were on level 9 of the Dungeon.
You worshipped Makhleb.
Makhleb was pleased with you.
You were hungry.

You visited 2 branches of the dungeon, and saw 10 of its levels.

You collected 454 gold pieces.

Inventory:

Hand Weapons
 l - a +2 long sword of holy wrath (weapon)
Missiles
 A - 22 poisoned darts (quivered)
Armour
 e - a +0 helmet (worn)
 k - a +1 cloak (worn)
 w - a +0 pair of boots (worn)
 y - a +3 leather armour of magic resistance (worn)
Jewellery
 m - a ring of poison resistance (left hand)
Wands
 o - a wand of iceblast (14)
 D - a wand of polymorph (7)
 F - a wand of scattershot (7)
Scrolls
 b - 2 scrolls of blinking
 g - 8 scrolls of remove curse
 j - 5 scrolls of teleportation
 p - 2 scrolls of magic mapping
 q - 2 scrolls of fog
 r - 5 scrolls of identify
 u - a scroll of enchant weapon
 C - a scroll of fear
Potions
 a - 2 potions of haste {unknown}
 c - 2 potions of ambrosia {unknown}
 h - 3 potions of flight
 i - 2 potions of heal wounds {unknown}
 n - a potion of lignification {unknown}
 s - a potion of experience {unknown}
 t - 3 potions of curing {unknown}
 v - a potion of magic {unknown}
 x - a potion of agility {unknown}
 z - a potion of brilliance {unknown}
 B - a potion of resistance {unknown}
 E - a potion of might {unknown}
 G - 3 potions of degeneration {unknown}
Comestibles
 d - 15 rations
 f - 3 chunks of flesh


   Skills:
 + Level 5.1 Fighting
 + Level 5.2 Long Blades
 - Level 0.7 Armour
 + Level 4.7 Dodging
 + Level 5.7 Spellcasting
 + Level 6.0 Charms
 + Level 4.4 Necromancy
 + Level 4.9 Translocations


You had 13 spell levels left.
You knew the following spells:

 Your Spells              Type           Power        Failure   Level  Hunger
a - Song of Slaying       Chrm           ###.....     2%          2    ##.....
r - Regeneration          Chrm/Necr      ###.......   8%          3    ###....
s - Shroud of Golubria    Chrm/Tloc      ###...       3%          2    ##.....

Your spell library contained the following spells:

 Spells                   Type           Power        Failure   Level  Hunger
 Infusion                 Chrm           ###.         1%          1    None
 Spectral Weapon          Hex/Chrm       ##......     19%         3    ###....
 Magic Dart               Conj           #...         22%         1    None
 Searing Ray              Conj           #.....       32%         2    ##.....
 Dazzling Spray           Conj/Hex       #.....       54%         3    ###....
 Force Lance              Conj/Tloc      ##......     61%         4    ####...
 Fulminant Prism          Conj/Hex       #.........   91%         4    ####...
 Iskenderun's Mystic Bla  Conj           #.......     91%         4    ####...


Dungeon Overview and Level Annotations

Branches:
Dungeon (9/15)             Temple (1/1) D:5             Orc (0/2) D:9
   Lair: D:8-11

Altars:
Ashenzari
Cheibriados
Dithmenos
Elyvilon
Fedhas
Gozag
Hepliaklqana
Kikubaaqudgha
Makhleb
Nemelex Xobeh
Okawaru
Qazlal
Ru
Sif Muna
Trog
Uskayaw
Vehumet
Wu Jian
Xom
Yredelemnul
Zin
The Shining One

Shops:
D:4 ?   D:5 :   D:7 (*


Innate Abilities, Weirdness & Mutations

You have razor-sharp teeth.
Your natural rate of healing is unusually fast.
When hurt, damage is shared between your health and your magic reserves.
Your bite disrupts and absorbs the magic of your enemies.
Potions cannot restore your health.
You are immune to rotting.


Message History

You hit the steam dragon.
The steam dragon is severely wounded.
You are engulfed in a cloud of scalding steam.
* * * LOW HITPOINT WARNING * * *
The steam dragon misses you. The steam dragon barely misses you.
As you read the scroll of teleportation, it crumbles to dust.
You feel strangely unstable.
You are engulfed in a cloud of scalding steam.
* * * LOW HITPOINT WARNING * * *
The steam dragon bites you but does no damage.
The steam dragon misses you.
Casting: Shroud of Golubria (safe; 3% risk of failure)
Confirm with . or Enter, or press ? or * to list all spells.
You renew your shroud.
The steam dragon breathes steam at you.
The ball of steam hits the steam dragon!
The steam dragon resists.
The steam dragon dies!
The ball of steam hits you!!
You die...

..#...#..# *,*≈≈,,,*,,,* **,
...._....# *,*≈,8,,,,,,****,,
..#...#..# ***≈,,,,*,,,,,,,,,
.###.###.# *≈,,,,**,,,,,,,,,
..#...#..# *≈,****,,,,,,,,,,
.........# *≈,,************,
.......#.# *≈,,,** *, ....$.÷..#
###,,,≈**********,
.......#########@#*,,≈*,,,,,,,,,,
..............D§####.D*,,,,,,,,,,
...............##..D.≈*,,,,,,,,,,
...............#§§.§≈#*****,,,,,,
..............§§..8.§# *,,****
...[...........#§..≈§#*****,,*
...............##.§≈##,,,,,,,****
................#####,,,,,,,,,,,,
..................,,,,,,,,,,,,,,,


You could see a steam dragon.

Vanquished Creatures
  Pikel (D:8)
  A steam dragon (D:9)
  A hungry ghost (D:6)
  A black bear (D:8)
  2 ice beasts
  A slave (D:8)
  2 phantoms (D:7)
  A necrophage (D:6)
  3 ogres
  2 centaurs
  Blork the orc (D:6)
  4 bullfrogs (D:7)
  3 scorpions
  A howler monkey (D:5)
  A centaur zombie (D:8)
  2 bullfrog skeletons
  2 crimson imps (D:5)
  A bullfrog zombie (D:5)
  5 hounds
  Crazy Yiuf (D:6)
  A centaur skeleton (D:5)
  4 orc priests
  6 iguanas
  4 orc wizards
  4 worker ants
  Terence (D:2)
  A hound zombie (D:5)
  4 gnolls
  6 adders
  An ooze (D:3)
  3 adder skeletons
  A worm (D:3)
  2 dart slugs (D:1)
  5 leopard geckos
  21 orcs
  7 bats
  6 giant cockroaches
  12 goblins
  7 hobgoblins
  7 jackals
  3 kobolds (D:2)
  3 quokkas
  A ball python (D:6)
  8 frilled lizards
  8 rats
162 creatures vanquished.

Vanquished Creatures (others)
  A steam dragon (D:9)
1 creature vanquished.

Grand Total: 163 creatures vanquished

Notes
Turn   | Place    | Note
-------+----------+-------------------------------------------
     0 | D:1      | Arixos the Vine Stalker Skald began the quest for the Orb.
     0 | D:1      | Reached XP level 1. HP: 11/11 MP: 4/4
    89 | D:1      | Reached XP level 2. HP: 9/15 MP: 1/6
   116 | D:1      | Learned a level 2 spell: Shroud of Golubria
   366 | D:1      | Reached XP level 3. HP: 13/18 MP: 4/7
   792 | D:1      | Learned a level 2 spell: Song of Slaying
   889 | D:2      | Noticed Terence
   896 | D:2      | Killed Terence
   896 | D:2      | Gained mutation: Your natural rate of healing is unusually
                  | fast. [Vine Stalker growth]
   896 | D:2      | Reached XP level 4. HP: 16/23 MP: 6/9
   990 | D:2      | Reached skill level 1 in Translocations
  1772 | D:3      | Reached XP level 5. HP: 20/27 MP: 6/10
  2288 | D:4      | Noticed an ogre
  2392 | D:4      | Found Yfemmeiwn's Magic Scroll Boutique.
  2421 | D:4      | Reached XP level 6. HP: 27/32 MP: 11/11
  2439 | D:4      | Learned a level 3 spell: Regeneration
  2715 | D:4      | Reached skill level 4 in Charms
  2978 | D:5      | Entered Level 5 of the Dungeon
  2997 | D:5      | Found a staircase to the Ecumenical Temple.
  3025 | D:5      | Reached skill level 1 in Necromancy
  3025 | D:5      | Reached XP level 7. HP: 36/36 MP: 10/13
  3041 | Temple   | Entered the Ecumenical Temple
  3055 | Temple   | Became a worshipper of Makhleb the Destroyer
  3695 | D:5      | Found Qyacis's Book Shop.
  3836 | D:6      | Noticed Blork the orc
  3853 | D:6      | Killed Blork the orc
  3853 | D:6      | Gained mutation: You have razor-sharp teeth. [Vine Stalker
                  | growth]
  3853 | D:6      | Reached XP level 8. HP: 33/40 MP: 13/15
  3907 | D:6      | Found a runed translucent door.
  3908 | D:6      | Noticed Crazy Yiuf
  3916 | D:6      | Killed Crazy Yiuf
  3925 | D:6      | Got a slimy mace
  3926 | D:6      | Identified the +3 mace of Greed {crush, Str+5 Dex+2} (You
                  | found it on level 6 of the Dungeon)
  4550 | D:6      | Reached * piety under Makhleb
  4848 | D:6      | Reached skill level 5 in Charms
  4996 | D:7      | Reached XP level 9. HP: 40/45 MP: 9/17
  5027 | D:7      | Found Retyowixku's Weapon Shoppe.
  5111 | D:7      | Reached skill level 5 in Spellcasting
  5163 | D:7      | Found Iffes's General Store.
  5281 | D:7      | Reached ** piety under Makhleb
  5544 | D:8      | Noticed Pikel
  5576 | D:8      | Killed Pikel
  5984 | D:8      | Reached skill level 5 in Long Blades
  6138 | D:8      | Got a brightly glowing falchion
  6139 | D:8      | Identified the +5 falchion of Discord {slice, *Rage MR+
                  | Int+3} (You found it on level 8 of the Dungeon)
  6146 | D:8      | Found a blossoming altar of Fedhas.
  6146 | D:8      | Found a basalt altar of Yredelemnul.
  6178 | D:8      | Found a glowing golden altar of the Shining One.
  6375 | D:9      | Found a radiant altar of Vehumet.
  6384 | D:9      | Reached skill level 5 in Fighting
  6446 | D:9      | Reached skill level 6 in Charms
  6446 | D:9      | Reached XP level 10. HP: 43/51 MP: 19/19
  6472 | D:9      | Killed from afar by a steam dragon

Skill      XL: |  1  2  3  4  5  6  7  8  9 |
---------------+----------------------------+-----
Fighting       | 2 3 4 5 |  5.1
Long Blades    | 2 3 4 5 |  5.2
Dodging        | 2 3 4 |  4.7
Translocations | 1 2 3 4 |  4.9
Spellcasting   | 3 4 5 |  5.7
Charms         | 4 5 6 |  6.0
Necromancy     | 1 3 4 |  4.4
Armour         | |  0.7

Action                   |  1- 3 |  4- 6 |  7- 9 | 10-12 || total
-------------------------+-------+-------+-------+-------++-------
Melee: Falchion          |    60 |   189 |   135 |       ||   384
       Bite              |    14 |    53 |   131 |     3 ||   201
       Long sword        |       |       |   247 |     6 ||   253
 Cast: Shroud of Golubri |     3 |    18 |    54 |     2 ||    77
       Song of Slaying   |     1 |     5 |    10 |       ||    16
       Regeneration      |       |       |     1 |       ||     1
  Use: Scroll            |       |       |    15 |     1 ||    16
 Stab: Sleeping          |     1 |     3 |     2 |       ||     6
  Eat: Chunk             |       |     9 |    17 |       ||    26
Armor: Leather armour    |    18 |    46 |   159 |     5 ||   228
Dodge: Dodged            |    41 |   142 |   297 |    10 ||   490
       Rpst.: Falchion   |    15 |    52 |    30 |       ||    97
       Long sword        |       |       |    53 |     1 ||    54
